 Dungeon Crawl Stone Soup version 0.25-a0-577-ga4619f4 (webtiles) character file.

Game seed: 1335755944255891195, levelgen mode: deterministic

15339 HungryMoth the Basher (level 12, 0/111 HPs)
             Began as a Troll Monk on Mar 2, 2020.
             Was a High Priest of Ashenzari.
             Slain by a red ugly thing (11 damage)
             ... on level 13 of the Dungeon.
             The game lasted 00:33:06 (10106 turns).

HungryMoth the Basher (Troll Monk)                 Turns: 10106, Time: 00:33:06

Health: 0/111      AC: 15    Str: 33    XL:     12   Next: 0%
Magic:  11/11      EV: 11    Int:  6    God:    Ashenzari [*****.]
Gold:   549        SH:  0    Dex: 12    Spells: 11/11 levels left

rFire    + . .     SeeInvis +   H - +0 giant club (curse)
rCold    + . .     Gourm    +   (shield currently unavailable)
rNeg     + . .     Faith    +   Q - +0 swamp dragon scales (curse)
rPois    +         Spirit   .   (helmet restricted)
rElec    +         Reflect  .   h - +1 cloak {+Inv}
rCorr    +         Harm     .   (gloves unavailable)
MR       .....     Clarity  +   (boots unavailable)
Stlth    +.........             S - amulet of Dogma {Faith Str+7}
HPRegen  0.68/turn              f - ring of positive energy
MPRegen  0.12/turn              E - ring of poison resistance

@: resistant
A: large, unfitting armour, claws 3, fast metabolism 3, gourmand, regeneration
1, shaggy fur 1, tough skin 3
a: Curse Item, Scrying, Transfer Knowledge, Renounce Religion, Evoke
Invisibility


You were on level 13 of the Dungeon.
You worshipped Ashenzari.
Ashenzari was extremely pleased with you.
You were completely stuffed.

You visited 1 branch of the dungeon, and saw 13 of its levels.

You collected 789 gold pieces.
You spent 240 gold pieces at shops.

Inventory:

Hand Weapons
 H - a cursed +0 giant club (weapon)
 R - a +0 giant spiked club
Missiles
 Y - 3 large rocks (quivered)
Armour
 h - a +1 cloak of invisibility (worn)
 Q - cursed +0 swamp dragon scales (worn)
Jewellery
 f - a ring of positive energy (left claw)
 n - an uncursed amulet of regeneration
 E - a ring of poison resistance (right claw)
 S - the amulet of Dogma (around neck) {Faith Str+7}
   (You found it on level 8 of the Dungeon)

   [amulet of faith]

   It allows you to gain divine favour quickly.
   It affects your strength (+7).
 U - an uncursed ring of magical power
 W - an uncursed amulet of magic regeneration
Wands
 o - a wand of flame (62)
 x - a wand of random effects (15)
 G - a wand of enslavement (17)
 I - a wand of paralysis (8)
 K - a wand of iceblast (15)
 O - a wand of acid (5)
 P - a wand of disintegration (19)
Scrolls
 e - 7 scrolls of teleportation
 g - a scroll of remove curse
 t - 5 scrolls of magic mapping
 w - a scroll of fear {unknown}
 y - 2 scrolls of immolation {unknown}
 z - 2 scrolls of blinking {unknown}
 C - 3 scrolls of amnesia {unknown}
 M - a scroll of enchant weapon {unknown}
 X - a scroll of noise {unknown}
 Z - a scroll of random uselessness {unknown}
Potions
 d - 3 potions of mutation
 j - 2 potions of curing
 k - a potion of brilliance
 l - 2 potions of might
 p - a potion of lignification
 r - 2 potions of haste
 v - 2 potions of magic
 D - a potion of invisibility {unknown}
 F - 2 potions of berserk rage
 J - a potion of stabbing {unknown}
 V - a potion of flight {unknown}
Comestibles
 b - 26 rations
 T - 10 chunks of flesh


   Skills:
 - Level 5.0 Fighting
 - Level 13.6(18.4) Maces & Flails
 + Level 1.5 Throwing
 + Level 7.9 Armour
 - Level 5.0 Dodging
 - Level 1.0 Stealth
 - Level 3.0 Unarmed Combat


You had 11 spell levels left.
You didn't know any spells.
Your spell library contained the following spells:

 Spells                   Type           Power        Failure   Level  Hunger
 Corona                   Hex            #......      54%         1    ##.....
 Magic Dart               Conj           #...         54%         1    ##.....
 Ensorcelled Hibernation  Hex/Ice        #.....       69%         2    ###....
 Searing Ray              Conj           #.....       69%         2    ###....
 Confusing Touch          Hex            #.......     89%         3    ####...
 Dazzling Flash           Conj/Hex       #.....       89%         3    ####...
 Tukima's Dance           Hex            #.......     89%         3    ####...
 Fulminant Prism          Conj/Hex       #.........   100%        4    #####..
 Iskenderun's Mystic Bla  Conj/Tloc      #.......     100%        4    #####..


Dungeon Overview and Level Annotations

Branches:
Dungeon (13/15)            Temple (0/1) D:7            Lair (0/6) D:10
    Orc (0/2) D:11
 Vaults: D:13-14

Altars:
Ashenzari
Cheibriados
Gozag
Makhleb
Qazlal
Uskayaw
Zin

Shops:
D:6 =

Portals:
Bailey: D:13

Annotations:
D:10 3 runed translucent doors, Sonja


Innate Abilities, Weirdness & Mutations

You are too large for most types of armour.
You have claws for hands.
Your metabolism is lightning-fast.
You like to eat raw meat.
Your natural rate of healing is unusually fast.
You are covered in fur. (AC +1)
You have extremely tough skin. (AC +3)


Message History

The yak gores you.
You closely miss the red ugly thing.
The red ugly thing is severely wounded.
The red ugly thing gores you!
You are engulfed in flames!
You bludgeon the red ugly thing!!
The red ugly thing is almost dead.
The yak gores you.
The worker ant waves its antennae.
The red ugly thing gores you!
* * * LOW HITPOINT WARNING * * *
You are engulfed in flames!!
* * * LOW HITPOINT WARNING * * *
You closely miss the red ugly thing.
The red ugly thing is almost dead.
The red ugly thing closely misses you.
You feel protected. The red ugly thing gores you.
* * * LOW HITPOINT WARNING * * *
You are engulfed in flames!
You resist.
You die...

*,* #.#,,,,* * *,* #.#***,* * *,*
#######**#.# *,* * *,*
#......,*#.# *,* * *,*
#......,*#.# *,*
*****,**#...)..,*#.# *,*
,,,,,,,,...)∩{a*##.#* *,*
,,,,,^***#..Z{Y##.#.#**,* *******
#..Y{{#@###.#*,*
**********,**#u## *#..,*
*,,,,,,.....YYY{#**,###*
**,*****#.#.#####.#∆*************
,,,* *,,,* *#.#* *,,,,,,,,,*
******* **∆** *.#* *,,,,,<,,,,
,,,,,,* *,*******,.***,,,,,,,,,,
*****,* *,**,,,,,,,.,,,,,,,,,,,,
*,****,*,≈≈≈≈,,,..≈≈≈≈,,,,,,,


You could see a red ugly thing and 3 yaks.

Vanquished Creatures
  Harold (D:7)
  3 two-headed ogres (D:12)
  An unseen horror (D:12)
  An orange crystal statue (D:10)
  An ugly thing (D:12)
  A cyclops (D:12)
  A manticore (D:11)
  Maggie (D:7)
  Psyche (D:11)
  A troll (D:12)
  5 hippogriffs
  A slime creature (D:12)
  9 yaks (D:9)
  2 steam dragons
  A hungry ghost (D:8)
  2 water moccasins
  An acid dragon (D:11)
  5 porcupines (D:10)
  3 ice beasts
  3 orc warriors
  3 phantoms
  A hornet zombie (D:11)
  3 black bears
  3 sky beasts
  5 ogres
  8 centaurs
  A crocodile (D:10)
  A big kobold (D:12)
  6 bullfrogs
  A wyvern zombie (D:11)
  A wyvern skeleton (D:7)
  4 scorpions
  A water moccasin skeleton (D:4)
  A water moccasin zombie (D:11)
  9 killer bees
  3 wights (D:12)
  An electric eel (D:12)
  A howler monkey (D:8)
  4 crimson imps
  A centaur zombie (D:11)
  2 quasits
  5 hounds
  8 jellies
  3 bullfrog skeletons
  4 orc priests
  7 orc wizards
  2 centaur skeletons
  Jessica (D:3)
  3 iguanas
  Ijyb (D:3)
  12 worker ants
  A hound zombie (D:7)
  2 hound skeletons
  2 worker ant zombies
  13 adders
  3 gnolls
  3 shadow imps
  9 oozes
  An adder skeleton (D:6)
  2 worms
  4 dart slugs
  6 leopard geckos
  54 orcs
  A ball python (D:6)
  5 bats
  5 giant cockroaches
  4 goblins
  7 hobgoblins
  2 jackals (D:7)
  6 quokkas
  5 frilled lizards
  A jackal skeleton (D:6)
  13 kobolds
  A leopard gecko skeleton (D:6)
  A quokka skeleton (D:5)
  7 rats
  A fungus (D:10)
309 creatures vanquished.

Vanquished Creatures (others)
  An orc wizard (D:6)
  An adder (D:3)
  A leopard gecko (D:3)
  A giant cockroach (D:3)
  A kobold (D:3)
5 creatures vanquished.

Grand Total: 314 creatures vanquished

Notes
Turn   | Place    | Note
-------+----------+-------------------------------------------
     0 | D:1      | HungryMoth the Troll Monk began the quest for the Orb.
     0 | D:1      | Reached XP level 1. HP: 22/22 MP: 0/0
   143 | D:1      | Reached XP level 2. HP: 29/29 MP: 1/1
   653 | D:2      | Reached XP level 3. HP: 37/37 MP: 2/2
  1084 | D:2      | Reached XP level 4. HP: 35/45 MP: 3/3
  1523 | D:3      | Reached XP level 5. HP: 51/54 MP: 4/4
  1524 | D:3      | Noticed Ijyb
  1536 | D:3      | Killed Ijyb
  1613 | D:3      | Noticed Jessica
  1618 | D:3      | Killed Jessica
  2074 | D:4      | Found a shattered altar of Ashenzari.
  2089 | D:4      | Became a worshipper of Ashenzari the Shackled
  2089 | D:4      | Reached * piety under Ashenzari
  2089 | D:4      | Reached ** piety under Ashenzari
  2278 | D:4      | Reached XP level 6. HP: 62/62 MP: 5/5
  2330 | D:4      | Found an opulent altar of Gozag.
  2331 | D:4      | Found a glowing silver altar of Zin.
  2358 | D:4      | Reached skill level 1 in Maces & Flails
  2806 | D:5      | Entered Level 5 of the Dungeon
  3020 | D:5      | Reached skill level 2 in Maces & Flails
  3398 | D:6      | Reached XP level 7. HP: 71/71 MP: 6/6
  3439 | D:6      | Reached skill level 5 in Fighting
  3439 | D:6      | Reached skill level 5 in Dodging
  3472 | D:6      | Found Ufi Gus's Jewellery Shoppe.
  3483 | D:6      | Reached skill level 3 in Maces & Flails
  3510 | D:6      | Bought an uncursed ring of poison resistance for 240 gold
                  | pieces
  3624 | D:6      | Found a burning altar of Makhleb.
  3754 | D:6      | Reached skill level 4 in Maces & Flails
  3848 | D:6      | Reached XP level 8. HP: 80/80 MP: 7/7
  3913 | D:6      | Reached skill level 5 in Maces & Flails
  4485 | D:7      | Found a snail-covered altar of Cheibriados.
  4509 | D:7      | Reached skill level 6 in Maces & Flails
  4557 | D:7      | Reached *** piety under Ashenzari
  4595 | D:7      | Found a staircase to the Ecumenical Temple.
  4767 | D:6      | Reached skill level 7 in Maces & Flails
  5097 | D:7      | Noticed Maggie
  5276 | D:7      | Noticed Harold
  5289 | D:7      | Killed Harold
  5289 | D:7      | Reached skill level 9 in Maces & Flails
  5289 | D:7      | Reached XP level 9. HP: 60/88 MP: 8/8
  5302 | D:7      | Killed Maggie
  5384 | D:7      | Found a hide-covered altar of Uskayaw.
  5544 | D:8      | Reached skill level 10 in Maces & Flails
  5751 | D:8      | Identified the amulet of Dogma {Faith Str+7}
  5778 | D:8      | Reached skill level 11 in Maces & Flails
  5848 | D:8      | Reached XP level 10. HP: 96/96 MP: 9/9
  6034 | D:9      | Reached skill level 1 in Armour
  6152 | D:9      | Found a stormy altar of Qazlal.
  6236 | D:9      | Reached **** piety under Ashenzari
  6417 | D:9      | Found a stormy altar of Qazlal.
  6658 | D:9      | Reached skill level 12 in Maces & Flails
  6858 | D:10     | Entered Level 10 of the Dungeon
  6902 | D:10     | Found a runed translucent door.
  6916 | D:10     | Found a staircase to the Lair.
  6919 | D:10     | Found a runed translucent door.
  7397 | D:10     | Found a runed translucent door.
  7472 | D:10     | Noticed Sonja
  7567 | D:10     | Noticed an orange crystal statue
  7579 | D:10     | Found a runed translucent door.
  7584 | D:10     | Killed an orange crystal statue
  7584 | D:10     | Reached skill level 5 in Armour
  7584 | D:10     | Reached XP level 11. HP: 102/102 MP: 0/10
  7627 | D:10     | Reached ***** piety under Ashenzari
  8439 | D:11     | Noticed Psyche
  8465 | D:11     | HP: 1/102 [Psyche/puff of frost (14)]
  8471 | D:11     | Killed Psyche
  8819 | D:11     | Found a staircase to the Orcish Mines.
  8855 | D:12     | Noticed a two-headed ogre
  8860 | D:12     | Killed a two-headed ogre
  8860 | D:12     | Reached skill level 13 in Maces & Flails
  8986 | D:12     | Noticed a two-headed ogre
  8997 | D:12     | Killed a two-headed ogre
  8999 | D:12     | HP: 5/102 [electric eel/bolt of electricity (6)]
  9279 | D:12     | Noticed a cyan ugly thing
  9280 | D:12     | Noticed an unseen horror
  9289 | D:12     | Killed a cyan ugly thing
  9305 | D:12     | Killed an unseen horror
  9567 | D:12     | Noticed a two-headed ogre
  9576 | D:12     | Killed a two-headed ogre
  9854 | D:12     | Reached skill level 1 in Throwing
 10047 | D:13     | Reached XP level 12. HP: 94/111 MP: 11/11
 10095 | D:13     | Found a flagged portal.
 10095 | D:13     | Noticed a two-headed ogre
 10106 | D:13     | Slain by a red ugly thing

Levels and vault maps discovered:
D:1:      psy_arrival_whirlpool, layout_loops_ring
D:2:      minmay_door_path, layout_rooms, nicolae_overflow_hidden_temple,
          kennysheep_boxes
D:3:      layout_rooms, lemuel_flame_loot_1, uniq_jessica, uniq_ijyb
D:4:      layout_gridville, grunt_temple_overflow_gold_and_silver,
          chequers_serial_rivers_micro_e, evilmike_ruin_ashenzari
D:5:      layout_gridville, first_ration
D:6:      layout_cave_pools, serial_shops, shop_fountains, basic_altar,
          grunt_ministairs_13, chequers_big_river
D:7:      layout_gridville, kennysheep_mini_moat, lemuel_doored_altar,
          minmay_temple_entry_tees, chequers_serial_rivers_marsh, uniq_maggie,
          uniq_harold
D:8:      layout_rooms
D:9:      layout_loops_ring, kennysheep_little_box,
          hangedman_little_slice_of_home, nicolae_qazlal_general_emergency
D:10:     layout_grid_maze, due_lair_maze_entry_diamond,
          minmay_statue_crystal_thing, uniq_sonja
D:11:     layout_cave_pools, hiddenorc1_lemuel, uniq_psyche
D:12:     layout_irregular_city, hangedman_abyss_or_decor_jellyfish_corner,
          solitary_fountain, serial_bayou_pond_b
D:13:     layout_loops_ring, grunt_vaults_entry_fortified, enter_bailey_2,
          muffindrake_ghost_dual_entry

Skill      XL: |  1  2  3  4  5  6  7  8  9 10 11 |
---------------+----------------------------------+-----
Fighting       | 3 4 5 |  5.0
Dodging        | 3 4 5 |  5.0
Maces & Flails | 2 4 9 11 12 13 | 13.6
Armour         | 5 7 |  7.9
Throwing       | 1 |  1.5
Stealth        | |  1.0
Unarmed Combat | |  3.0

Action                   |  1- 3 |  4- 6 |  7- 9 | 10-12 || total
-------------------------+-------+-------+-------+-------++-------
Melee: Unarmed           |    86 |   146 |       |       ||   232
       Whip              |       |    28 |   268 |       ||   296
       Punch             |       |     6 |     7 |       ||    13
       Giant club        |       |       |   110 |   590 ||   700
Invok: Curse Item        |       |       |     2 |       ||     2
       Scrying           |       |       |       |     1 ||     1
  Use: Scroll            |       |     4 |       |    10 ||    14
       Potion            |       |       |     1 |    10 ||    11
 Stab: Sleeping          |     4 |     6 |     3 |       ||    13
  Eat: Chunk             |    15 |    22 |    22 |    48 ||   107
Armor: Robe              |    27 |    41 |   110 |       ||   178
       Swamp dragon scal |       |       |    54 |   294 ||   348
       Skin              |       |       |       |    61 ||    61
Dodge: Dodged            |    52 |    86 |   209 |   308 ||   655

Table legend:
 A = Non-vault XP
 B = Vault XP
 C = Vault XP percentage of total XP
 D = Non-vault monster count
 E = Vault monster count
 F = Vault count percentage of total count
                 A         B        C        D         E       F
            +---------+---------+-------+---------+---------+-------
      Total |   16066 |    5848 |  26.7 |     260 |      49 |  15.9
            +---------+---------+-------+---------+---------+-------
        D:1 |      58 |       0 |   0.0 |      16 |       0 |   0.0
        D:2 |     104 |       8 |   7.1 |      20 |       4 |  16.7
        D:3 |      63 |      73 |  53.7 |      16 |       2 |  11.1
        D:4 |     268 |       0 |   0.0 |      13 |       0 |   0.0
        D:5 |     148 |       0 |   0.0 |       9 |       0 |   0.0
        D:6 |    1190 |       5 |   0.4 |      24 |       1 |   4.0
        D:7 |     773 |    1401 |  64.4 |      17 |       2 |  10.5
        D:8 |    1756 |       0 |   0.0 |      25 |       0 |   0.0
        D:9 |    3149 |     159 |   4.8 |      37 |       8 |  17.8
       D:10 |     568 |    1746 |  75.5 |      11 |      10 |  47.6
       D:11 |    2593 |     638 |  19.7 |      33 |      18 |  35.3
       D:12 |    5225 |    1818 |  25.8 |      32 |       4 |  11.1
       D:13 |     171 |       0 |   0.0 |       7 |       0 |   0.0
            +---------+---------+-------+---------+---------+-------
